% Time on Ice - SASKATOON DUCKS
Lines # - Real PCT - Wanted PCT - Time Play
Normal Forward
1 - 26% - 36% - 13:17
2 - 33% - 32% - 16:27
3 - 28% - 25% - 14:14
4 - 13% - 7% - 6:29
Normal Defense
1 - 38% - 41% - 19:08
2 - 34% - 36% - 17:09
3 - 28% - 23% - 14:10
4 - 0% - 0% - 0:00
PP Forward
1 - 62% - 53% - 3:29
2 - 38% - 47% - 2:06
PP Defense
1 - 45% - 53% - 2:30
2 - 55% - 47% - 3:05
PK Forward
1 - 50% - 50% - 2:00
2 - 50% - 50% - 1:58
PK Defense
1 - 59% - 50% - 2:20
2 - 41% - 50% - 1:38
PK3 Forward
1 - 0% - 50%
2 - 0% - 50%
PK3 Defense
1 - 0% - 55%
2 - 0% - 45%
44 Forward
1 - 0% - 55%
2 - 0% - 45%
44 Defense
1 - 0% - 55%
2 - 0% - 45%
Last Minute Offensive  - 0:00
Last Minute Defensive  - 0:00
Total
Forward - 60:00
Defense - 60:00
% Time on Ice - REGINA FALCONS
Lines # - Real PCT - Wanted PCT - Time Play
Normal Forward
1 - 35% - 36% - 17:47
2 - 32% - 31% - 16:16
3 - 22% - 23% - 11:04
4 - 11% - 10% - 5:20
Normal Defense
1 - 33% - 36% - 16:48
2 - 28% - 31% - 14:14
3 - 28% - 23% - 13:56
4 - 11% - 10% - 5:29
PP Forward
1 - 61% - 55% - 2:26
2 - 39% - 45% - 1:32
PP Defense
1 - 45% - 55% - 1:48
2 - 55% - 45% - 2:10
PK Forward
1 - 70% - 55% - 3:53
2 - 30% - 45% - 1:42
PK Defense
1 - 59% - 55% - 3:16
2 - 41% - 45% - 2:19
PK3 Forward
1 - 0% - 55%
2 - 0% - 45%
PK3 Defense
1 - 0% - 55%
2 - 0% - 45%
44 Forward
1 - 0% - 55%
2 - 0% - 45%
44 Defense
1 - 0% - 55%
2 - 0% - 45%
Last Minute Offensive  - 0:00
Last Minute Defensive  - 0:00
Total
Forward - 60:00
Defense - 60:00
Play-by-Play 1st period 0:01 of 1st period - Jonathan Miller wins face-off versus Sidney Crosby in neutral zone. 0:11 of 1st period - Icing by Zdeno Chara. 0:12 of 1st period - Ryan Getzlaf wins face-off versus Sidney Crosby in SASKATOON DUCKS zone. 0:13 of 1st period - Shot by Jonathan Audy-Marchessault. 0:13 of 1st period - Stopped by Jordan Binnington without a rebound. 0:14 of 1st period - Dylan Strome wins face-off versus Corey Perry in SASKATOON DUCKS zone. 0:48 of 1st period - Off-side. 0:49 of 1st period - Ryan Getzlaf wins face-off versus Joe Thornton in neutral zone. 1:52 of 1st period - Icing by Ryan McDonagh. 1:53 of 1st period - Sidney Crosby wins face-off versus Jonathan Miller in SASKATOON DUCKS zone. 2:09 of 1st period - Shot by Sidney Crosby. 2:09 of 1st period - Shot Misses the Net. 2:11 of 1st period - Shot by Ryan Strome. 2:11 of 1st period - Deflect By Sidney Crosby. 2:11 of 1st period - Goal by Sidney Crosby - SASKATOON DUCKS : 1 - REGINA FALCONS : 0. 2:12 of 1st period - Dylan Strome wins face-off versus Christoffer Ehn in neutral zone. 2:17 of 1st period - Shot by William Nylander. 2:17 of 1st period - Stopped by Frederik Andersen without a rebound. 2:18 of 1st period - Dylan Strome wins face-off versus Christoffer Ehn in REGINA FALCONS zone. 2:43 of 1st period - Shot by Kailer Yamamoto. 2:43 of 1st period - Stopped by Frederik Andersen with a rebound. 2:56 of 1st period - Radko Gudas is hit by Derick Brassard and loses puck. 4:15 of 1st period - Shot by Blake Comeau. 4:15 of 1st period - Stopped by Frederik Andersen without a rebound. 4:16 of 1st period - Jonathan Miller wins face-off versus Dylan Strome in REGINA FALCONS zone. 4:37 of 1st period - Shot by Jonathan Miller. 4:37 of 1st period - Shot Misses the Net. 4:39 of 1st period - Shot by Jonathan Miller. 4:39 of 1st period - Shot Misses the Net. 5:03 of 1st period - Shot by David Pastrnak. 5:03 of 1st period - Stopped by Jordan Binnington with a rebound. 5:29 of 1st period - Shot by Patrik Laine. 5:29 of 1st period - Shot Misses the Net. 5:31 of 1st period - Shot by Olli Maatta. 5:31 of 1st period - Stopped by Jordan Binnington with a rebound. 5:33 of 1st period - Shot by Ryan Getzlaf. 5:33 of 1st period - Stopped by Jordan Binnington without a rebound. 5:34 of 1st period - Tyler Bozak wins face-off versus Ryan Getzlaf in SASKATOON DUCKS zone. 5:34 of 1st period - Tyler Bozak is hit by Patrik Laine. 5:53 of 1st period - Shot by Warren Foegele. 5:53 of 1st period - Shot Blocked by Olli Maatta. 5:55 of 1st period - Shot by Anthony Duclair. 5:55 of 1st period - Stopped by Frederik Andersen without a rebound. 5:56 of 1st period - Jonathan Miller wins face-off versus Joe Thornton in REGINA FALCONS zone. 6:00 of 1st period - Minor Penalty to Jakub Vrana for High sticking. 6:01 of 1st period - Ryan Getzlaf wins face-off versus Joe Thornton in SASKATOON DUCKS zone. 6:28 of 1st period - Shot by David Pastrnak. 6:28 of 1st period - Stopped by Jordan Binnington without a rebound. 6:29 of 1st period - Derick Brassard wins face-off versus Joe Thornton in SASKATOON DUCKS zone. 6:38 of 1st period - Shot by Jonathan Audy-Marchessault. 6:38 of 1st period - Stopped by Jordan Binnington with a rebound. 6:40 of 1st period - Shot by Olli Maatta. 6:40 of 1st period - Stopped by Jordan Binnington without a rebound. 6:41 of 1st period - Tyler Bozak wins face-off versus Ryan Getzlaf in SASKATOON DUCKS zone. 7:40 of 1st period - Shot by Jonathan Audy-Marchessault. 7:40 of 1st period - Stopped by Jordan Binnington without a rebound. 7:41 of 1st period - Joe Thornton wins face-off versus Derick Brassard in SASKATOON DUCKS zone. 8:00 of 1st period - Shot by Patrik Laine. 8:00 of 1st period - Stopped by Jordan Binnington without a rebound. 8:01 of 1st period - Dylan Strome wins face-off versus Derick Brassard in SASKATOON DUCKS zone. 8:34 of 1st period - Brandon Carlo is hit by Ryan McDonagh and loses puck. 8:45 of 1st period - Shot by Dylan Strome. 8:45 of 1st period - Stopped by Frederik Andersen without a rebound. 8:46 of 1st period - Jonathan Miller wins face-off versus Ryan Strome in REGINA FALCONS zone. 8:59 of 1st period - Sidney Crosby is hit by Max Pacioretty and loses puck. 9:33 of 1st period - David Pastrnak is hit by Radko Gudas and loses puck. 10:34 of 1st period - Shot by Derick Brassard. 10:34 of 1st period - Stopped by Jordan Binnington without a rebound. 10:35 of 1st period - Kailer Yamamoto wins face-off versus Derick Brassard in SASKATOON DUCKS zone. 10:35 of 1st period - Dylan Strome is hit by Corey Perry and loses puck. 10:41 of 1st period - Icing by Zdeno Chara. 10:42 of 1st period - Jonathan Miller wins face-off versus William Nylander in SASKATOON DUCKS zone. 10:57 of 1st period - Kailer Yamamoto is hit by David Pastrnak and loses puck. 12:09 of 1st period - Shot by Anthony Duclair. 12:09 of 1st period - Stopped by Frederik Andersen without a rebound. 12:10 of 1st period - Joe Thornton wins face-off versus Ryan Getzlaf in REGINA FALCONS zone. 12:33 of 1st period - Shot by Jakub Vrana. 12:33 of 1st period - Stopped by Frederik Andersen without a rebound. 12:34 of 1st period - Sidney Crosby wins face-off versus Jonathan Miller in REGINA FALCONS zone. 12:42 of 1st period - Ryan Strome is hit by Anton Stralman and loses puck. 12:55 of 1st period - Shot by Anthony Duclair. 12:55 of 1st period - Shot Misses the Net. 12:57 of 1st period - Shot by Anthony Duclair. 12:57 of 1st period - Shot Misses the Net. 12:59 of 1st period - Shot by Samuel Girard. 12:59 of 1st period - Stopped by Frederik Andersen without a rebound. 13:00 of 1st period - Ryan Getzlaf wins face-off versus Joe Thornton in REGINA FALCONS zone. 13:02 of 1st period - Icing by Patrik Laine. 13:03 of 1st period - Ryan Getzlaf wins face-off versus Jakub Vrana in REGINA FALCONS zone. 13:14 of 1st period - Shot by Ryan Getzlaf. 13:14 of 1st period - Shot Blocked by Ryan McDonagh. 13:28 of 1st period - Shot by Jonathan Audy-Marchessault. 13:28 of 1st period - Shot Misses the Net. 13:30 of 1st period - Shot by Marc-Edouard Vlasic. 13:30 of 1st period - Shot Misses the Net. 13:43 of 1st period - Shot by Jonathan Audy-Marchessault. 13:43 of 1st period - Stopped by Jordan Binnington without a rebound. 13:44 of 1st period - Sidney Crosby wins face-off versus Jonathan Miller in SASKATOON DUCKS zone. 14:20 of 1st period - Shot by Max Pacioretty. 14:20 of 1st period - Stopped by Jordan Binnington with a rebound. 14:22 of 1st period - Shot by David Pastrnak. 14:22 of 1st period - Deflect By Max Pacioretty. 14:22 of 1st period - Shot Misses the Net. 14:24 of 1st period - Shot by David Pastrnak. 14:24 of 1st period - Shot Misses the Net. 14:26 of 1st period - Shot by Anton Stralman. 14:26 of 1st period - Shot Blocked by Samuel Girard. 14:28 of 1st period - Shot by Max Pacioretty. 14:28 of 1st period - Shot Misses the Net. 15:13 of 1st period - Shot by Blake Comeau. 15:13 of 1st period - Stopped by Frederik Andersen without a rebound. 15:14 of 1st period - Ryan Getzlaf wins face-off versus Dylan Strome in REGINA FALCONS zone. 15:16 of 1st period - Icing by Patrik Laine. 15:17 of 1st period - Joe Thornton wins face-off versus Patrik Laine in REGINA FALCONS zone. 16:01 of 1st period - Shot by Patrik Laine. 16:01 of 1st period - Goal by Patrik Laine - SASKATOON DUCKS : 1 - REGINA FALCONS : 1. 16:02 of 1st period - Derick Brassard wins face-off versus Kailer Yamamoto in neutral zone. 16:10 of 1st period - Shot by Kailer Yamamoto. 16:10 of 1st period - Deflect By Dylan Strome. 16:10 of 1st period - Shot Misses the Net. 16:12 of 1st period - Shot by Kailer Yamamoto. 16:12 of 1st period - Stopped by Frederik Andersen with a rebound. 16:36 of 1st period - Shot by Kailer Yamamoto. 16:36 of 1st period - Stopped by Frederik Andersen without a rebound. 16:37 of 1st period - Jonathan Miller wins face-off versus Sidney Crosby in REGINA FALCONS zone. 16:41 of 1st period - Off-side. 16:42 of 1st period - Sidney Crosby wins face-off versus Jonathan Miller in neutral zone. 17:00 of 1st period - Off-side. 17:01 of 1st period - Ryan Getzlaf wins face-off versus Joe Thornton in neutral zone. 17:41 of 1st period - Shot by Patrik Laine. 17:41 of 1st period - Stopped by Jordan Binnington without a rebound. 17:42 of 1st period - Jonathan Miller wins face-off versus Sidney Crosby in SASKATOON DUCKS zone. 17:47 of 1st period - Shot by Max Pacioretty. 17:47 of 1st period - Shot Blocked by Ryan McDonagh. 18:25 of 1st period - Shot by Sidney Crosby. 18:25 of 1st period - Stopped by Frederik Andersen without a rebound. 18:26 of 1st period - Derick Brassard wins face-off versus Dylan Strome in REGINA FALCONS zone. 18:34 of 1st period - Icing by Erik Johnson. 18:35 of 1st period - Dylan Strome wins face-off versus Derick Brassard in REGINA FALCONS zone. 18:35 of 1st period - Kailer Yamamoto is hit by Anton Stralman and loses puck. 18:43 of 1st period - Icing by Erik Johnson. 18:44 of 1st period - Dylan Strome wins face-off versus Derick Brassard in REGINA FALCONS zone. 18:55 of 1st period - Shot by Dylan Strome. 18:55 of 1st period - Stopped by Frederik Andersen without a rebound. 18:56 of 1st period - Jonathan Miller wins face-off versus Tyler Bozak in REGINA FALCONS zone. 19:03 of 1st period - Shot by Jonathan Miller. 19:03 of 1st period - Stopped by Jordan Binnington without a rebound. 19:04 of 1st period - Jonathan Miller wins face-off versus Sidney Crosby in SASKATOON DUCKS zone. 19:32 of 1st period - Sidney Crosby is hit by Jonathan Miller and loses puck. 19:49 of 1st period - Icing by Ryan Strome. 19:50 of 1st period - Sidney Crosby wins face-off versus Ryan Getzlaf in SASKATOON DUCKS zone. 19:50 of 1st period - Sidney Crosby is hit by Ryan Getzlaf. 19:55 of 1st period - Ryan Strome is hit by Brenden Dillon and loses puck. 19:58 of 1st period - Shot by Sidney Crosby. 19:58 of 1st period - Stopped by Frederik Andersen with a rebound. Goals for this period are 1 for SASKATOON DUCKS vs 1 for REGINA FALCONS. Shots for this period are 15 for SASKATOON DUCKS vs 15 for REGINA FALCONS. 2nd period 0:01 of 2nd period - Tyler Bozak wins face-off versus Ryan Getzlaf in neutral zone. 0:04 of 2nd period - Ryan Getzlaf is hit by Warren Foegele. 0:07 of 2nd period - Zdeno Chara is hit by Ryan Getzlaf and loses puck. 0:31 of 2nd period - Icing by Erik Johnson. 0:32 of 2nd period - Ryan Getzlaf wins face-off versus Dylan Strome in REGINA FALCONS zone. 0:38 of 2nd period - Ryan Getzlaf is hit by Radko Gudas and loses puck. 0:50 of 2nd period - Patrik Laine is hit by Samuel Girard and loses puck. 1:41 of 2nd period - Icing by Ryan McDonagh. 1:42 of 2nd period - Sidney Crosby wins face-off versus Jonathan Miller in SASKATOON DUCKS zone. 1:42 of 2nd period - Sidney Crosby is hit by Max Pacioretty. 1:45 of 2nd period - Icing by Ryan Strome. 1:46 of 2nd period - Sidney Crosby wins face-off versus David Pastrnak in SASKATOON DUCKS zone. 1:46 of 2nd period - Sidney Crosby is hit by Jonathan Miller. 1:55 of 2nd period - Minor Penalty to Brandon Carlo for Holding. 1:56 of 2nd period - Sidney Crosby wins face-o